 Dungeon Crawl Stone Soup version 0.29-a0-830-gcb1280458a (webtiles) character file.

Game seed: 13268901738966990424

44 Ijustatesigmund the Magician (level 3, 0/19 HPs)
             Began as a Deep Elf Earth Elementalist on July 12, 2022.
             Slain by Natasha (3 damage)
             ... on level 2 of the Dungeon.
             The game lasted 00:02:34 (1336 turns).

Ijustatesigmund the Magician (DEEE)                 Turns: 1336, Time: 00:02:34

Health: 0/19       AC:  2    Str:  5    XL:     3   Next: 39%
Magic:  0/10       EV: 12    Int: 21    God:
Gold:   74         SH:  0    Dex: 15    Spells: 4/10 levels left

rFire   . . .      SeeInvis .   e - +0 morningstar
rCold   . . .      Faith    .   (no shield)
rNeg    . . .      Spirit   .   a - +0 robe
rPois   .          Reflect  .   (no helmet)
rElec   .          Harm     .   (no cloak)
rCorr   .          Rampage  .   (no gloves)
Will    .....                   (no boots)
Stlth   ++........              (no amulet)
HPRegen 0.06/turn               (no ring)
MPRegen 0.12/turn               (no ring)

@: attractive
A: no striking features
a: no special abilities


You were on level 2 of the Dungeon.
You visited 1 branch of the dungeon, and saw 2 of its levels.

You collected 74 gold pieces.

Inventory:

Hand Weapons
 e - a +0 morningstar (weapon)
Armour
 a - a +0 robe (worn)
 c - the +1 buckler of Benevolence {rN++ rCorr Int+4 Dex-3}
   (You acquired it on level 2 of the Dungeon)

   Int:       It affects your intelligence (+4).
   Dex:       It affects your dexterity (-3).
   rN:        It greatly protects you from negative energy.
   rCorr:     It protects you from acid and corrosion.
Scrolls
 f - a scroll of magic mapping {unknown}
 i - a scroll of identify {unknown}
 j - a scroll of poison {unknown}
Potions
 b - a potion of magic
 d - a potion of attraction
 g - a potion of might {unknown}
 h - 2 potions of cancellation {unknown}


   Skills:
 - Level 2.4 Dodging
 - Level 2.4 Stealth
 + Level 4.3 Spellcasting
 - Level 1.1 Transmutations
 + Level 4.2 Earth Magic


You had 4 spell levels left.
You knew the following spells:

 Your Spells              Type           Power      Damage    Failure   Level
a - Sandblast             Erth           44%        2d11      1%          1
b - Passwall              Tmut/Erth      12%        N/A       6%          2
c - Stone Arrow           Conj/Erth      26%        3d8       14%         3

Your spell library contained the following spells:

 Spells                   Type           Power      Damage    Failure   Level
 Petrify                  Tmut/Erth      15%        N/A       36%         4


Dungeon Overview and Level Annotations

Branches:
Dungeon (2/15)

Altars:

Shops:
D:1 [

Annotations:
D:2 Natasha


Message History

The spell is extremely dangerous to miscast (14% risk of failure)!
Continue anyway?
Aiming: Stone Arrow (extremely dangerous; 14% risk of failure)
Press: ? - help, Shift-Dir - straight line, f - Natasha
Aim: Natasha (60% to hit)
The stone arrow misses Natasha.
Casting: Stone Arrow (extremely dangerous; 14% risk of failure)
Confirm with . or Enter, or press ? or * to list all spells.
Aiming: Sandblast (safe; 1% risk of failure)
Press: ? - help, Shift-Dir - straight line, f/p - Natasha
Aim: Natasha (76% to hit)
The blast of sand hits Natasha!
Natasha is heavily wounded.
Casting: Sandblast (safe; 1% risk of failure)
Confirm with . or Enter, or press ? or * to list all spells.
The spell is extremely dangerous to miscast (14% risk of failure)!
Continue anyway? [Y]es or [N]o only, please.
The spell is extremely dangerous to miscast (14% risk of failure)!
Continue anyway?
Aiming: Stone Arrow (extremely dangerous; 14% risk of failure)
Press: ? - help, Shift-Dir - straight line, f/p - Natasha
Aim: Natasha (heavily wounded, 60% to hit)
The stone arrow misses Natasha.
Natasha closely misses you.
Casting: Stone Arrow (extremely dangerous; 14% risk of failure)
Confirm with . or Enter, or press ? or * to list all spells.
The spell is extremely dangerous to miscast (14% risk of failure)!
Continue anyway? [Y]es or [N]o only, please.
The spell is extremely dangerous to miscast (14% risk of failure)!
Continue anyway?
Aiming: Stone Arrow (extremely dangerous; 14% risk of failure)
Press: ? - help, Shift-Dir - straight line, f/p - Natasha
Aim: Natasha (heavily wounded, 60% to hit)
The stone arrow misses Natasha.
Natasha stares at you and mumbles some strange words.
The magic dart hits you.
* * * LOW HITPOINT WARNING * * *
Casting: Stone Arrow (extremely dangerous; 14% risk of failure)
Confirm with . or Enter, or press ? or * to list all spells.
You don't have enough magic to cast this spell.
It was a potion of attraction.
You feel attractive to monsters. Natasha claws you.
You die...

.....J ...... ......
..... ..... >..
....####.# #.# #.....#
#.# #.....# ##.#
#####.....# . #...
.......h..###
..#..#########..@....#
#.#..#....# #.......+
#....#.##.# ###.....#
#......##.# #.....#
##.#.####.# #.....#
##.).# #.# #.....#
..#†.# #.# #.....#
..#..# #.######.....#
..#..# #.#..........#


You could see Natasha.

Vanquished Creatures
  Natasha (D:2)
  A dart slug (D:1)
  A ball python (D:1)
  2 bats (D:1)
  An endoplasm (D:1)
  A giant cockroach (D:1)
  A goblin (D:2)
  3 jackals (D:1)
  2 frilled lizards (D:1)
  3 kobolds (D:1)
  A rat (D:2)
17 creatures vanquished.

Notes
Turn   | Place    | Note
-------+----------+-------------------------------------------
     0 | D:1      | Ijustatesigmund the Deep Elf Earth Elementalist began the
                  | quest for the Orb.
     0 | D:1      | Reached XP level 1. HP: 10/10 MP: 6/6
   498 | D:1      | Reached XP level 2. HP: 15/15 MP: 5/8
   680 | D:1      | Found Haepoaph's Antique Armour Shop.
  1048 | D:2      | Noticed Natasha
  1050 | D:2      | Killed Natasha
  1051 | D:2      | Reached XP level 3. HP: 12/19 MP: 6/10
  1171 | D:1      | Learned a level 2 spell: Passwall
  1175 | D:1      | Learned a level 3 spell: Stone Arrow
  1291 | D:2      | Identified a scroll of acquirement
  1291 | D:2      | Acquired the +1 buckler of Benevolence {rN++ rCorr Int+4
                  | Dex-3}
  1324 | D:2      | Noticed Natasha
  1336 | D:2      | Slain by Natasha

Illustrated notes

Levels and vault maps discovered:
D:1:      saegor_arrival_simple_e, layout_loops_ring, serial_shops,
          nicolae_shop_statue_plus, minmay_pentomino_z2
D:2:      layout_basic, chequers_ecumenical_altar_island, uniq_jessica,
          uniq_natasha

Skill      XL: |  1  2 |
---------------+-------+-----
Spellcasting   | 4 |  4.3
Earth Magic    | 4 |  4.2
Dodging        | |  2.4
Stealth        | |  2.4
Transmutations | |  1.1

Action                   || total
-------------------------++-------
 Cast: Sandblast         ||    23
       Stone Arrow       ||     3
  Use: Scroll            ||     1
       Potion            ||     1
Armor: Robe              ||     4
Dodge: Dodged            ||     6

Table legend: (Time is in decaauts)
 A = Elapsed time spent in this place.
 B = Non-inter-level travel time spent in this place.
 C = Inter-level travel time spent in this place.
 D = Time resting spent in this place.
 E = Time spent auto-exploring this place.
 F = Levels seen in this place.
 G = Mean time per level.
                   A        B        C        D        E       F      G
               +--------+--------+--------+--------+--------+-----+--------+
         Total |   1359 |   1341 |     18 |    445 |    753 |   2 |  679.5 |
       Dungeon |   1359 |   1341 |     18 |    445 |    753 |   2 |  679.5 |
               +--------+--------+--------+--------+--------+-----+--------+

Top non-repeatable levels by time:
     D:1: 1185 daAuts
     D:2: 174 daAuts
